 Dungeon Crawl Stone Soup version 0.29-a0-25-g7f48f510a0 (webtiles) character file.

Game seed: 3839672971521164386

105 dolemite99 the Chopper (level 4, -6/28 HPs)
             Began as a Gargoyle Monk on Feb 1, 2022.
             Mangled by a gnoll (7 damage)
             ... on level 2 of the Dungeon.
             The game lasted 00:02:15 (2104 turns).

dolemite99 the Chopper (Gargoyle Monk)              Turns: 2104, Time: 00:02:15

Health: -6/28      AC: 11    Str: 16    XL:     4   Next: 83%
Magic:  4/4        EV:  7    Int: 11    God:
Gold:   80         SH:  0    Dex: 12    Spells: 3/3 levels left

rFire   . . .      SeeInvis .   a - +0 hand axe
rCold   . . .      Faith    .   (no shield)
rNeg    + . .      Spirit   .   n - +0 chain mail
rPois   ∞          Reflect  .   (no helmet)
rElec   +          Harm     .   (no cloak)
rCorr   .          Rampage  .   (no gloves)
Will    .....                   (no boots)
Stlth   ..........              (no amulet)
HPRegen 0.09/turn               (no ring)
MPRegen 0.09/turn               (no ring)

@: no status effects
A: sickness immunity, AC +3, negative energy resistance 1, electricity
resistance, torment resistance 1, petrification resistance
a: no special abilities


You were on level 2 of the Dungeon.
You visited 1 branch of the dungeon, and saw 3 of its levels.

You collected 80 gold pieces.

Inventory:

Hand Weapons
 a - a +0 hand axe (weapon)
 g - a +0 hand crossbow
Missiles
 h - a poisoned dart (quivered)
Armour
 n - a +0 chain mail (worn)
Scrolls
 c - 3 scrolls of identify {unknown}
 f - a scroll of fog {unknown}
 j - a scroll of torment {unknown}
 m - a scroll of amnesia {unknown}
Potions
 e - a potion of magic {unknown}
 i - 2 potions of cancellation {unknown}
 k - a potion of curing {unknown}
 l - a potion of invisibility {unknown}


   Skills:
 - Level 3.2 Fighting
 + Level 4.9 Axes
 - Level 2.4 Dodging
 - Level 2.1 Stealth


You had 3 spell levels left.
You didn't know any spells.
Your spell library contained the following spells:

 Spells                   Type           Power      Damage    Failure   Level
 Animate Skeleton         Necr           0%         N/A       100%        1
 Apportation              Tloc           0%         N/A       100%        1
 Summon Small Mammal      Summ           0%         N/A       100%        1


Dungeon Overview and Level Annotations

Branches:
Dungeon (3/15)

Altars:


Innate Abilities, Weirdness & Mutations

You are immune to sickness and miasma.
Your stone body is resilient. (AC +3)
You are immune to poison.
You resist negative energy. (rN+)
You are resistant to electric shocks. (rElec)
You are resistant to unholy torment.
You are immune to petrification.


Message History

The poisoned dart barely misses the rat.
The poisoned dart completely misses the gnoll.
An iguana comes into view.
You throw a poisoned dart. The poisoned dart hits the rat.
The rat looks even sicker.
The rat is severely wounded.
The iguana hisses menacingly.
The rat closely misses you.
You climb upwards.
There is a stone staircase leading down here.
You hit the rat.
You kill the rat!
No target in view!
No target in view!
No target in view!
You climb downwards.
The gnoll hits you with a +0 halberd. The iguana barely misses you.
A gnoll comes into view. It is wielding a +0 halberd.
There is a stone staircase leading up here.
The gnoll hits you but does no damage. The iguana bites you.
The gnoll hits you but does no damage.
You climb upwards.
There is a stone staircase leading down here.
You slash the gnoll!
The gnoll is heavily wounded.
You barely miss the iguana. You completely miss the gnoll.
The gnoll closely misses you. The iguana bites you.
The gnoll hits you but does no damage.
You hit the gnoll.
The gnoll is almost dead.
You barely miss the iguana. You hit the gnoll. The gnoll closely misses you.
The iguana bites you. The gnoll hits you but does no damage.
You barely miss the gnoll.
The gnoll is almost dead.
You hit the iguana. You closely miss the gnoll.
The gnoll hits you with a +0 halberd!
* * * LOW HITPOINT WARNING * * *
The iguana bites you but does no damage.
The gnoll hits you but does no damage. The gnoll hits you with a +0 halberd!
You die...

######>########.#.# #.# #.# #.#
#.#.###.# #.# ##'## #.......###
#.# ##...## #.........# #.###
##.....## #.#.#####.# #....
##.......## #...### #.# #.#.#
###.........####.....###.####....
..+.........'..g.................
###.........####@l.#.###.####....
##.......## #g.##.###.# #.#.#
##.....## #.........# #....
##...## #.........# ##### ##+##
#.###.###.# #.. #### #.# #.###.#
#.# ##.. ...# #.# #.##..# #.#
#... ##.# ##.## #.##.## #.# #...
##.###...#######.##.####.# #...


You could see an iguana and 2 gnolls.

Vanquished Creatures
  3 adders (D:2)
  A worm (D:2)
  2 dart slugs (D:1)
  5 orcs (D:2)
  4 bats
  10 endoplasms
  7 giant cockroaches
  4 goblins (D:1)
  7 hobgoblins
  3 quokkas
  8 ball pythons
  2 kobolds
  2 rats (D:2)
58 creatures vanquished.

Notes
Turn   | Place    | Note
-------+----------+-------------------------------------------
     0 | D:1      | dolemite99 the Gargoyle Monk began the quest for the Orb.
     0 | D:1      | Reached XP level 1. HP: 14/14 MP: 1/1
    34 | D:1      | Reached skill level 3 in Axes
    51 | D:1      | Reached XP level 2. HP: 17/19 MP: 2/2
   265 | D:1      | Reached XP level 3. HP: 22/23 MP: 3/3
   578 | D:1      | Reached skill level 4 in Axes
   637 | D:1      | Found a faded altar of an unknown god.
  1167 | D:2      | Reached XP level 4. HP: 23/28 MP: 4/4
  2104 | D:2      | HP: 1/28 [gnoll (11)]
  2104 | D:2      | Mangled by a gnoll

Illustrated notes

Levels and vault maps discovered:
D:1:      minmay_arrival_checkered_box, layout_rooms,
          chequers_ecumenical_altar_twisty, serial_co_window_serial,
          co_window_paths_a, co_window_paths_b, co_window_corner_a,
          co_window_of_opportunity_a, co_window_paths_b, co_window_paths_b,
          co_window_paths_a, co_window_corner_b, co_window_2corner,
          co_window_corner_cb, glass_columns_c, glass_columns_a,
          glass_columns_b, glass_columns_c, glass_columns_b
D:2:      layout_loops_corners, kennysheep_generic_room_11
D:3:      layout_loops_ring

Skill      XL: |  1  2  3 |
---------------+----------+-----
Axes           | 3 4 |  4.9
Fighting       | |  3.2
Dodging        | |  2.4
Stealth        | |  2.1

Action                   |  1- 3 |  4- 6 || total
-------------------------+-------+-------++-------
Melee: Hand axe          |   111 |    63 ||   174
       Punch             |     1 |       ||     1
Throw: Dart              |     6 |    20 ||    26
  Use: Scroll            |       |     1 ||     1
 Stab: Sleeping          |     2 |       ||     2
Armor: Robe              |     3 |       ||     3
       Scale mail        |    39 |    19 ||    58
       Chain mail        |       |     6 ||     6
Dodge: Dodged            |    76 |    32 ||   108

Table legend: (Time is in decaauts)
 A = Elapsed time spent in this place.
 B = Non-inter-level travel time spent in this place.
 C = Inter-level travel time spent in this place.
 D = Time resting spent in this place.
 E = Time spent auto-exploring this place.
 F = Levels seen in this place.
 G = Mean time per level.
                   A        B        C        D        E       F      G
               +--------+--------+--------+--------+--------+-----+--------+
         Total |   2122 |   1999 |    123 |    135 |   1340 |   3 |  707.3 |
       Dungeon |   2122 |   1999 |    123 |    135 |   1340 |   3 |  707.3 |
               +--------+--------+--------+--------+--------+-----+--------+

Top non-repeatable levels by time:
     D:2: 1202 daAuts
     D:1: 912 daAuts
     D:3: 7 daAuts
